 Dungeon Crawl Stone Soup version 0.21.1-1-g345015f (webtiles) character file.

38 kae the Insei (level 3, -4/26 HPs)
             Began as a Demonspawn Transmuter on May 21, 2018.
             Slain by a hobgoblin
             ... wielding a +0 hand axe
              (7 damage)
             ... on level 2 of the Dungeon.
             The game lasted 00:01:29 (1669 turns).

kae the Insei (Demonspawn Transmuter)               Turns: 1669, Time: 00:01:30

Health: -4/26      AC:  2    Str: 10    XL:     3   Next: 25%
Magic:  6/6        EV: 12    Int: 14    God:
Gold:   55         SH:  4    Dex: 14    Spells: 0/6 levels left

rFire    . . .     SeeInvis .     - Unarmed
rCold    . . .     Gourm    .   (no shield)
rNeg     . . .     Faith    .   b - +0 robe
rPois    .         Spirit   .   (helmet restricted)
rElec    .         Reflect  .   (no cloak)
rCorr    .         Harm     .   (no gloves)
MR       .....                  (no boots)
Stlth    +.........             (no amulet)
HPRegen  0.08/turn              (no ring)
MPRegen  0.10/turn              (no ring)

@: lethally poisoned (-4 -> -9)
A: horns 1, large bone plates 1
a: no special abilities


You were on level 2 of the Dungeon.
You were hungry.

You visited 1 branch of the dungeon, and saw 2 of its levels.

You collected 55 gold pieces.

Inventory:

Missiles
 a - 31 arrows
Armour
 b - a +0 robe (worn)
Scrolls
 f - a scroll of teleportation
 h - 3 scrolls of identify
 i - a scroll of remove curse
 j - a scroll of immolation {unknown}
Potions
 e - a potion of haste {unknown}
 g - a potion of lignification
Books
 c - a book of Changes

   Spells                             Type                      Level
   a - Beastly Appendage              Transmutation                1
   b - Sticks to Snakes               Transmutation                2
   c - Spider Form                    Transmutation/Poison         3
   d - Ice Form                       Ice/Transmutation            4
   e - Blade Hands                    Transmutation                5
Comestibles
 d - 2 rations


   Skills:
 + Level 1.5 Fighting
 - Level 1.7 Dodging
 * Level 3.2 Unarmed Combat
 + Level 2.2 Spellcasting
 * Level 2.3 Transmutations


You couldn't memorise any spells.
You knew the following spells:

 Your Spells              Type           Power        Failure   Level  Hunger
a - Beastly Appendage     Tmut           #.....       9%          1    #......
b - Sticks to Snakes      Tmut           #.......     13%         2    ###....
c - Spider Form           Tmut/Pois      #.........   41%         3    ###....


Dungeon Overview and Level Annotations

Branches:
Dungeon (2/15)

Altars:
Zin


Innate Abilities, Weirdness & Mutations

You have a pair of small horns on your head.
You are partially covered in large bone plates. (SH +4)


Message History

You are too injured to fight recklessly!
You are too injured to fight recklessly!
You are too injured to fight recklessly!
You are too injured to fight recklessly!
You are too injured to fight recklessly!
You are too injured to fight recklessly!
You are too injured to fight recklessly!
You are too injured to fight recklessly!
You barely miss the hobgoblin. Your headbutt misses the hobgoblin.
Your ball python bites the hobgoblin but does no damage.
Your ball python barely misses the hobgoblin.
The hobgoblin hits you with a hand axe!
* * * LOW HITPOINT WARNING * * *
The hobgoblin hits your ball python with a hand axe.
Your ball python dies!
You hit the hobgoblin.
The hobgoblin is almost dead.
* * * LOW HITPOINT WARNING * * *
You feel sick. The hobgoblin hits you with a hand axe!
You die...

#...# #....#.....## #.>.#
##.#.#.#...# #...#
#.#.#.....#
#######...####.#.......#
..%..............###...##
....?......†.....##......
.................##....##
#######...#########.#.##
#.@.# #.### #.g.# #.#
#...# #.# ..... ####.###
....... #......#
........# #.##.#.###
.........####.##......
.).....).......####.###
...####.####.#


You could see a hobgoblin.

Vanquished Creatures
  An adder (D:2)
  A worm (D:2)
  2 dart slugs
  4 bats
  A giant cockroach (D:1)
  2 goblins (D:1)
  3 hobgoblins
  3 kobolds
  A quokka (D:2)
  2 frilled lizards
  7 rats
27 creatures vanquished.

Notes
Turn   | Place    | Note
-------+----------+-------------------------------------------
     0 | D:1      | kae the Demonspawn Transmuter began the quest for the Orb.
     0 | D:1      | Reached XP level 1. HP: 15/15 MP: 3/3
   432 | D:1      | Gained mutation: You have a pair of small horns on your head. [demonic ancestry]
   432 | D:1      | Reached XP level 2. HP: 16/21 MP: 5/5
   758 | D:1      | Reached skill level 3 in Unarmed Combat
  1212 | D:2      | Found a glowing silver altar of Zin.
  1424 | D:2      | Learned a level 2 spell: Sticks to Snakes
  1486 | D:2      | Gained mutation: You are partially covered in large bone plates. (SH +4) [demonic ancestry]
  1486 | D:2      | Reached XP level 3. HP: 14/26 MP: 1/6
  1630 | D:2      | Learned a level 3 spell: Spider Form
  1669 | D:2      | Slain by a hobgoblin

Skill      XL: |  1  2 |
---------------+-------+-----
Transmutations | 2 |  2.3
Unarmed Combat | 3 |  3.2
Fighting       | |  1.5
Dodging        | |  1.7
Spellcasting   | |  2.2

Action                   || total
-------------------------++-------
Melee: Unarmed           ||    97
       Kick              ||     6
       Headbutt          ||     5
 Cast: Beastly Appendage ||     9
       Sticks to Snakes  ||     3
  Use: Scroll            ||     3
 Stab: Sleeping          ||     2
       Distracted        ||     1
  Eat: Chunk             ||     2
Armor: Robe              ||    37
Dodge: Dodged            ||    77
